 Dungeon Crawl Stone Soup version 0.28.0-43-g3370ac3207 (webtiles) character file.

Game seed: 16592201611719104934

35 Rudyous the Skirmisher (level 3, 28/49 HPs)
             Began as a Draconian Berserker on Mar 29, 2022.
             Was a Follower of Trog.
             Quit the game on level 2 of the Dungeon.
             The game lasted 00:09:31 (928 turns).

Rudyous the Skirmisher (Draconian Berserker)         Turns: 928, Time: 00:09:32

Health: 28/49      AC: 21    Str: 21    XL:     3   Next: 16%
Magic:  3/3        EV:  2    Int:  7    God:    Trog [*.....]
Gold:   40         SH:  0    Dex: 10    Spells: 2/2 levels left

rFire   . . .      SeeInvis .   a - +0 short sword
rCold   . . .      Faith    .   (no shield)
rNeg    . . .      Spirit   .   (armour unavailable)
rPois   +          Reflect  .   (helmet currently unavailable)
rElec   .          Harm     .   (cloak currently unavailable)
rCorr   .          Rampage  .   (gloves currently unavailable)
Will    .....      NoTele   +   (boots currently unavailable)
Stlth   +.........              (no amulet)
HPRegen 0.16/turn               (no ring)
MPRegen 0.08/turn               (no ring)

@: tree-form
A: stationary, stasis, torment immunity, boosted hp, AC +5, unfitting armour,
(cold-blooded)
a: Renounce Religion, Berserk


You were on level 2 of the Dungeon.
You worshipped Trog.
Trog was aware of your devotion.
You were a tree.
You visited 1 branch of the dungeon, and saw 2 of its levels.

You collected 40 gold pieces.

Inventory:

Hand Weapons
 a - a +0 short sword (weapon)
 l - a +0 short sword
Missiles
 h - 24 sling bullets
 i - 18 stones (quivered)
 k - 5 poisoned darts
Armour
 e - a +0 robe
 f - a +0 leather armour
Scrolls
 b - 2 scrolls of identify {unknown}
 c - 5 scrolls of teleportation {unknown}
 d - a scroll of enchant weapon {unknown}
Potions
 g - a potion of lignification
 j - a potion of attraction {unknown}


   Skills:
 + Level 4.0 Fighting
 + Level 3.5 Short Blades
 + Level 3.0 Dodging


You had 2 spell levels left.
You didn't know any spells.
Your spell library was empty.

Dungeon Overview and Level Annotations

Branches:
Dungeon (2/15)

Altars:


Innate Abilities, Weirdness & Mutations

You are a tree.
Your roots penetrate the ground, keeping you stationary.
You cannot be teleported.
You are immune to unholy pain and torment.
Your maximum health is greatly increased.
Your equipment is partially melded.
((Your plain brown scales are hard. (AC +5)))
You cannot fit into any form of body armour.
((You are cold-blooded and may be slowed by cold attacks.))


Message History

You cannot move.
You cannot move.
You cannot move.
You cannot move.
You cannot move.
You cannot move.
You cannot move.
You cannot move.
You cannot move.
You cannot move.
Really quaff the potion of lignification? [Y]es or [N]o only, please.
Really quaff the potion of lignification? [Y]es or [N]o only, please.
Really quaff the potion of lignification? [Y]es or [N]o only, please.
Really quaff the potion of lignification? [Y]es or [N]o only, please.
Really quaff the potion of lignification? [Y]es or [N]o only, please.
Really quaff the potion of lignification? [Y]es or [N]o only, please.
Really quaff the potion of lignification? [Y]es or [N]o only, please.
Really quaff the potion of lignification? [Y]es or [N]o only, please.
Really quaff the potion of lignification? [Y]es or [N]o only, please.
Really quaff the potion of lignification?
Uppercase [Y]es or [N]o only, please.
Really quaff the potion of lignification?
You are stuck in your current form!
Unknown command.
You cannot move.
You cannot move.
You cannot move.
You cannot move.
You cannot move.
You cannot move.
Are you sure you want to abandon this character and quit the game? (Confirm with "yes".)

#.#####.#.###
#.##........#
#.##.##.#.#.#
#.##...^#.#.#
#.##..###.#.# ####
#.......#.#.# #..
#..#........# #.# ##
..........######.##..J#.
................♣...J...
.#.##...#.######.#....##
##.###..#.# #.# #.##
##.# ##.#.# #.# # #..
.#.# #.. ### ##.# ###
#.# #########.#
..........#


You could see 2 endoplasms.

Vanquished Creatures
  A dart slug (D:1)
  A ball python (D:1)
  A bat (D:1)
  3 endoplasms
  2 giant cockroaches
  3 goblins
  3 hobgoblins (D:1)
  6 jackals (D:1)
  2 quokkas (D:2)
  2 frilled lizards (D:1)
  A kobold (D:2)
  2 rats (D:1)
27 creatures vanquished.

Notes
Turn   | Place    | Note
-------+----------+-------------------------------------------
     0 | D:1      | Rudyous the Draconian Berserker began the quest for the
                  | Orb.
     0 | D:1      | Reached XP level 1. HP: 19/19 MP: 1/1
   210 | D:1      | Reached XP level 2. HP: 26/27 MP: 2/2
   405 | D:1      | Found a faded altar of an unknown god.
   620 | D:1      | Reached skill level 4 in Fighting
   761 | D:2      | Reached XP level 3. HP: 33/33 MP: 3/3
   928 | D:2      | Quit the game

Illustrated notes

Levels and vault maps discovered:
D:1:      minmay_arrival_four_loops, layout_rooms,
          chequers_ecumenical_altar_simple_redux
D:2:      minmay_evil_eye, layout_loops_corners, minmay_tetromino_o4

Skill      XL: |  1  2 |
---------------+-------+-----
Fighting       | 4 |  4.0
Dodging        | 3 |  3.0
Short Blades   | |  3.5

Action                   || total
-------------------------++-------
Melee: Short sword       ||    95
       Tailslap          ||     7
  Use: Potion            ||     1
Armor: Skin              ||    29
Dodge: Dodged            ||    77
